 Dungeon Crawl Stone Soup version 0.30.1-9-gdf580d7c3d (webtiles) character file.

Game seed: 9322469275758480837

444 Theotherone the Cutter (level 6, -7/51 HPs)
             Began as a Minotaur Berserker on Oct 2, 2023.
             Was a Priest of Trog.
             Mangled by a gnoll sergeant
             ... wielding a +4 antimagic spear
              (11 damage)
             ... on level 4 of the Dungeon on Oct 20, 2023.
             The game lasted 00:08:27 (2831 turns).

Theotherone the Cutter (Minotaur Berserker)         Turns: 2831, Time: 00:08:29

Health: -7/51      AC:  5    Str: 24    XL:     6   Next: 72%
Magic:  0/5        EV: 11    Int:  4    God:    Trog [***...]
Gold:   90         SH:  0    Dex: 12    Spells: 5/5 levels left

rFire   . . .        j - +9 dagger "Xoileef" {flame, rElec rPois rN++ Dex-3}
rCold   . . .        (no shield)
rNeg    + + .        i - +0 ring mail
rPois   +            (helmet restricted)
rElec   +            (no cloak)
rCorr   .            (no gloves)
SInv    .            (no boots)
Will    ++...        c - amulet of faith
Stlth   +            e - +6 ring of dexterity
HPRegen 1.28/turn    (no ring)
MPRegen 0.09/turn

%: faith
@: strong-willed, regenerating
A: horns 2, retaliatory headbutt
a: Renounce Religion, Berserk, Trog's Hand


You were on level 4 of the Dungeon.
You worshipped Trog.
Trog was most pleased with you.
You visited 1 branch of the dungeon, and saw 4 of its levels.

You collected 90 gold pieces.

Inventory:

Hand Weapons
 a - a +0 hand axe
 j - the +9 dagger "Xoileef" (weapon) {flame, rElec rPois rN++ Dex-3}
   (You found it on level 2 of the Dungeon)

   Dex:       It affects your dexterity (-3).
   rElec:     It insulates you from electricity.
   rPois:     It protects you from poison.
   rN:        It greatly protects you from negative energy.
 l - a +0 sling
 n - a +0 arbalest
Missiles
 m - 53 stones (quivered)
Armour
 b - a +0 animal skin
 i - a +0 ring mail (worn)
Jewellery
 c - an amulet of faith (around neck)
 e - a +6 ring of dexterity (left hand)
 g - a ring of magical power
Wands
 r - a wand of polymorph (7)
Scrolls
 h - a scroll of fear {unknown}
 k - 4 scrolls of identify {unknown}
 o - 3 scrolls of teleportation {unknown}
 p - a scroll of poison {unknown}
 t - a scroll of amnesia {unknown}
 v - a scroll of enchant armour {unknown}
 w - a scroll of silence {unknown}
Potions
 d - a potion of magic {unknown}
 f - 2 potions of flight {unknown}
 q - 2 potions of curing {unknown}
 s - a potion of mutation {unknown}
 u - a potion of cancellation {unknown}
 x - a potion of heal wounds {unknown}


   Skills:
 - Level 3.6 Fighting
 + Level 6.6 Short Blades
 - Level 5.4 Axes
 - Level 2.4 Armour
 - Level 2.1 Dodging


You had 5 spell levels left.
You didn't know any spells.
Your spell library was empty.

Dungeon Overview and Level Annotations

Branches:
Dungeon (4/15)
 Temple: D:4-7

Altars:
Dithmenos

Shops:
D:1 :   D:2 *


Innate Abilities, Weirdness & Mutations

You have a pair of horns on your head.
You reflexively headbutt those who attack you in melee.


Message History

You puncture the gnoll! You burn the gnoll. You headbutt the gnoll.
You kill the gnoll!
Trog accepts your kill. 3 orcs come into view.
The orc shouts! x3
The gnoll hits you from afar with a +0 spear!
The orc hits you with a +0 falchion. The orc closely misses you.
You see here a +2 halberd of venom.
You hit the orc. You burn the orc.
The orc is heavily wounded.
The gnoll hits you but does no damage. The orc hits you with a +0 hand axe.
The orc closely misses you. You furiously retaliate!
You headbutt the orc!
You kill the orc!
Trog accepts your kill.
You hit the orc. You burn the orc.
You kill the orc!
Trog accepts your kill. The gnoll barely misses you.
The gnoll sergeant hits you from afar with a +4 antimagic spear!
You feel your power leaking away. The orc barely misses you.
The orc closely misses you. The gnoll sergeant barely misses you.
You furiously retaliate!
You headbutt the gnoll sergeant!
Things that are here:
a +0 hand axe; 2 boomerangs; a +0 ring mail Your skin crawls.
You feel strong-willed.
The orc hits you from afar with a +0 trident.
The gnoll hits you from afar with a +0 spear.
The orc hits you but does no damage.
The gnoll sergeant hits you with a +4 antimagic spear!
* * * LOW HITPOINT WARNING * * *
You feel your power leaking away.
The gnoll sergeant attacks as you move away!
The gnoll sergeant hits you with a +4 antimagic spear.
* * * LOW HITPOINT WARNING * * *
The orc hits you from afar with a +0 trident.
* * * LOW HITPOINT WARNING * * *
The gnoll sergeant hits you from afar with a +4 antimagic spear!
You die...

####..........##
#...........#
##........#.#
##......##§##
#########§§§#
.....####§#§#§
...#..#§§§§§§§
#....?§#g#.#§
##..@o#§§§#
#....))#§#..
#....go......
#......o.......
#..............
#..............
#............
##...........
##.....#....


You could see a gnoll sergeant, a gnoll and 3 orcs.

Vanquished Creatures
  Grinder (D:3)
  Ijyb (D:3)
  2 orc wizards (D:3)
  Robin (D:3)
  2 gnolls (D:4)
  6 adders
  A worm (D:3)
  A dart slug (D:2)
  11 orcs
  6 endoplasms
  4 giant cockroaches
  7 goblins
  5 hobgoblins
  2 jackals (D:1)
  4 kobolds
  4 quokkas
  6 ball pythons
  8 bats
  3 frilled lizards
  7 rats
82 creatures vanquished.

Notes
Turn   | Place    | Note
-------+----------+-------------------------------------------
     0 | D:1      | Theotherone the Minotaur Berserker began the quest for the
                  | Orb.
     0 | D:1      | Reached XP level 1. HP: 19/19 MP: 0/0
   103 | D:1      | Reached XP level 2. HP: 23/26 MP: 1/1
   179 | D:1      | Found a faded altar of an unknown god.
   256 | D:1      | Found Bidwozipn's Book Emporium.
   504 | D:1      | Reached ** piety under Trog
   537 | D:1      | Reached skill level 5 in Axes
   978 | D:2      | Found Tinnonar's Assorted Antiques.
  1051 | D:2      | Reached XP level 3. HP: 31/31 MP: 2/2
  1093 | D:2      | Identified the +9 dagger "Xoileef" {flame, rElec rPois rN++
                  | Dex-3}
  1109 | D:2      | Reached skill level 1 in Short Blades
  1780 | D:3      | Noticed Grinder
  1781 | D:3      | Noticed Ijyb
  1781 | D:3      | Noticed Robin
  1790 | D:3      | Killed Ijyb
  1791 | D:3      | Reached skill level 2 in Short Blades
  1791 | D:3      | Reached XP level 4. HP: 39/39 MP: 3/3
  1795 | D:3      | Killed Robin
  1796 | D:3      | Reached skill level 3 in Short Blades
  1803 | D:3      | Killed Grinder
  1804 | D:3      | Reached skill level 5 in Short Blades
  1804 | D:3      | Reached XP level 5. HP: 25/45 MP: 4/4
  1804 | D:3      | Reached XP level 6. HP: 29/51 MP: 5/5
  2053 | D:3      | Reached skill level 6 in Short Blades
  2316 | D:3      | Reached *** piety under Trog
  2574 | D:3      | Identified the +1 short sword of Xuomm {flame, Will+}
  2814 | D:4      | Found a shadowy altar of Dithmenos.
  2831 | D:4      | Mangled by a gnoll sergeant

Illustrated notes

Levels and vault maps discovered:
D:1:      wander_arrival_estate, layout_loops_corners, serial_shops,
          nicolae_shop_pleasant_corner_grove, ebering_ecumenical_altar_hall
D:2:      layout_basic, serial_shops, shop, grunt_ministairs_14
D:3:      layout_loops_corners, nicolae_goblin_pals, uniq_grinder
D:4:      layout_rooms, grunt_dithmenos_smoke_and_mirrors, nicolae_titane

Skill      XL: |  1  2  3  4  5  6 |
---------------+-------------------+-----
Axes           | 4 5 |  5.4
Short Blades   | 2 5 6 |  6.6
Fighting       | |  3.6
Armour         | |  2.4
Dodging        | |  2.1

Action                     |  1- 3 |  4- 6 || total
---------------------------+-------+-------++-------
  Melee: Hand axe          |    62 |       ||    62
         Headbutt          |     8 |     5 ||    13
         Dagger            |    24 |    57 ||    81
         Punch             |       |     1 ||     1
 Invoke: Berserk           |     2 |     1 ||     3
         Trog's Hand       |       |     1 ||     1
   Stab: Sleeping          |     1 |       ||     1
 Armour: Animal skin       |    12 |       ||    12
         Ring mail         |    10 |     9 ||    19
  Dodge: Dodged            |    53 |    29 ||    82
